Map: Cyber Forest LE

Players

soul

  • Race: Terran Terran
  • League: Grandmaster
  • Spawn Location: 5:00

soO - Winner!

  • Race: Zerg Zerg
  • Spawn Location: 11:00

Event: HomeStory Cup XIX

VOD

Have the link to the VOD?

Description

Time

  • Played on: June 28, 2019, 2:44 p.m.
  • Length: 8:40

All games in this series

Show
View Real Time Build Order
Export as new Build Order

soul Terran 

Build Orders: Gas First Reaper Expand, Hellion Banshee 

Get SALT Encoding   

  12  0:00  SCV  
  13  0:13  SCV  
  14  0:17  Supply Depot  
  14  0:25  SCV  
  14  0:28  Refinery  
  15  0:38  SCV  
  16  0:44  Barracks  
  16  0:51  SCV  
  17  1:03  SCV  
  18  1:15  SCV  
  19  1:32  Orbital Command, Reaper  
  20  1:44  Command Center  
  20  1:55  Factory  
  20  1:59  SCV  
  21  2:07  Barracks Reactor  
  21  2:11  SCV  
  21  2:14  Supply Depot  
  22  2:17  Refinery  
  22  2:23  SCV  
  23  2:36  SCV  
  24  2:48  SCV, Starport  
  24  2:50  Hellion x2  
  26  2:58  Orbital Command  
  29  3:00  SCV  
  29  3:04  Barracks Tech Lab  
  30  3:12  SCV, Hellion  
  33  3:17  Hellion  
  35  3:24  SCV  
  35  3:26  SCV  
  37  3:29  Supply Depot  
  37  3:33  Banshee  
  40  3:34  Marine  
  40  3:36  SCV  
  40  3:38  SCV  
  40  3:40  Cloaking Field  
  43  3:48  SCV  
  43  3:50  Hellion  
  43  3:51  SCV, Hellion  
  49  3:57  Supply Depot  
  49  4:01  Barracks Tech Lab, SCV  
  50  4:03  SCV  
  51  4:13  SCV  
  51  4:15  SCV  
  53  4:18  Banshee  
  56  4:25  SCV  
  56  4:27  Marine  
  56  4:31  SCV  
  56  4:34  Command Center  
  56  4:37  SCV, Supply Depot  
  58  4:43  SCV  
  58  4:45  Stimpack, Marine  
  60  4:51  Factory Reactor  
  60  4:52  SCV  
  61  4:55  SCV  
  61  4:56  Barracks  
  59  5:00  Barracks  
  59  5:03  Marine  
  59  5:05  SCV  
  61  5:08  Bunker  
  61  5:12  Bunker, Starport Reactor  
  61  5:13  SCV  
  62  5:17  SCV  
  62  5:20  Marine  
  62  5:30  Siege Tank  
  55  5:38  Marine, SCV  
  49  5:43  Marine x2  
  49  5:45  SCV  
  49  5:48  Marine  
  42  5:50  SCV  
  42  5:56  Marine  
  42  5:57  SCV  
  42  6:01  Marine x2  
  42  6:02  Siege Tank, SCV  
  41  6:05  Supply Depot  
  41  6:07  Barracks Reactor  
  41  6:09  SCV  
  39  6:14  Marine, SCV  
  39  6:16  Orbital Command  
  40  6:19  Marine x2, Supply Depot  
  40  6:21  SCV  
  43  6:26  SCV  
  43  6:28  Medivac  
  43  6:32  Marine  
  47  6:33  SCV  
  47  6:34  Medivac  
  47  6:36  Marine x2  
  47  6:39  SCV  
  53  6:42  SCV  
  53  6:45  Marine, SCV  
  56  6:49  Marine  
  56  6:51  SCV  
  56  6:54  Marine x3, SCV  
  58  6:57  SCV  
  63  7:03  Marine, SCV  
  63  7:06  SCV  
  63  7:07  Marine  
  67  7:09  SCV  
  67  7:10  Supply Depot  
  67  7:11  Marine  
  67  7:12  Marine  
  67  7:15  SCV  
  68  7:17  Engineering Bay  
  68  7:18  SCV  
  68  7:19  Engineering Bay  
  68  7:20  Marine  
  68  7:21  Marine  
  71  7:25  Marine  
  71  7:28  SCV  
  73  7:33  Marine, SCV  
  73  7:34  Medivac x2  
  73  7:35  Marine  
  80  7:38  Marine  
  80  7:39  Marine  
  78  7:46  Marine  
  78  7:47  Refinery  
  78  7:48  Refinery  
  79  7:51  Marine  
  79  7:53  Supply Depot  
  79  7:54  SCV, Supply Depot  
  79  7:57  Marine  
  79  7:58  SCV  
  83  8:01  Marine  
  83  8:02  Orbital Command  
  84  8:05  Marine  
  84  8:08  Supply Depot  
  85  8:14  Marine x2, SCV x2  
  85  8:16  Marine  
  85  8:19  Marine  
Show
View Real Time Build Order
Export as new Build Order

soO Zerg - Winner!

Build Orders: Hatch First 

Get SALT Encoding   

  12  0:00  Drone  
  13  0:12  Overlord  
  13  0:17  Drone  
  14  0:30  Drone x2  
  16  0:48  Hatchery  
  15  0:51  Drone  
  15  0:55  Drone  
  17  0:58  Drone  
  18  1:09  Extractor  
  17  1:13  Spawning Pool  
  17  1:16  Drone  
  17  1:19  Drone  
  18  1:29  Drone  
  19  1:39  Drone  
  20  1:53  Overlord  
  20  1:59  Queen x2  
  20  2:00  Zergling x4  
  26  2:08  Metabolic Boost  
  26  2:11  Drone  
  26  2:12  Drone  
  28  2:31  Hatchery  
  28  2:32  Drone  
  28  2:35  Drone  
  29  2:38  Drone  
  30  2:47  Queen  
  30  2:49  Drone  
  33  2:54  Overlord  
  33  2:55  Drone  
  33  2:56  Drone  
  35  3:04  Drone  
  36  3:13  Drone x2  
  36  3:15  Drone x2  
  36  3:19  Overlord  
  40  3:23  Zergling x2, Queen  
  40  3:24  Drone  
  44  3:36  Roach Warren  
  44  3:39  Drone x3  
  46  3:46  Drone, Queen  
  50  3:48  Drone  
  50  3:50  Drone x2, Extractor  
  50  3:51  Zergling x2  
  50  3:52  Drone  
  53  4:02  Drone x2  
  55  4:03  Overlord  
  55  4:12  Overlord  
  55  4:26  Roach x5  
  55  4:28  Overlord  
  63  4:33  Roach x5  
  73  4:38  Overlord  
  73  4:40  Zergling x2  
  73  4:41  Overlord  
  73  4:44  Overlord  
  74  4:56  Zergling x10  
  79  5:03  Spore Crawler  
  79  5:04  Spore Crawler  
  79  5:05  Spore Crawler  
  74  5:14  Drone  
  74  5:15  Lair  
  74  5:16  Drone x5  
  74  5:20  Drone  
  79  5:26  Drone x2  
  77  5:36  Drone  
  77  5:38  Drone  
  77  5:42  Drone x2  
  75  5:43  Drone  
  75  5:44  Drone  
  75  5:45  Drone  
  75  5:46  Drone  
  77  5:51  Drone x2  
  77  5:56  Drone x2  
  73  6:04  Drone  
  73  6:06  Drone  
  73  6:08  Drone  
  70  6:12  Drone  
  70  6:16  Drone x3  
  70  6:17  Drone x2, Glial Reconstitution  
  76  6:21  Extractor  
  76  6:22  Extractor  
  76  6:23  Overseer  
  74  6:25  Drone  
  74  6:26  Drone x3, Extractor  
  77  6:37  Zergling x12, Hatchery  
  82  6:41  Overlord  
  82  6:42  Evolution Chamber x2  
  82  6:46  Overlord  
  80  6:51  Overlord  
  80  6:56  Roach x7  
  94  7:04  Roach x3  
  100  7:10  Drone  
  101  7:17  Roach x9  
  101  7:21  Ravager  
  120  7:30  Overlord  
  120  7:32  Roach x3, Overlord  
  120  7:33  Overlord  
  126  7:42  Overlord  
  126  7:43  Overlord  
  126  7:47  Overlord  
  126  7:49  Overlord  
  126  7:54  Roach x8  
  126  7:57  Ravager x3  
  145  8:02  Ravager  
  145  8:03  Drone x2  
  145  8:04  Drone x5  
  153  8:07  Roach  
  155  8:18  Roach x2  
  155  8:19  Roach x3  
  158  8:20  Roach  
Tags
 
Add a new tag
Caveats
  • Supply blocks, unpowered buildings, or Contaminate may cause inaccurate times.
  • Supply counts are checked every 10 seconds.